BlueJackets vs Panthers

Created - Thursday, January 07, 2016 at 03:03

Goals
1 2 3 T
BlueJackets 1 0 0 1
Panthers 2 4 3 9
Shots
1 2 3 T
BlueJackets 10 6 7 23
Panthers 10 10 9 29

1st period

1. BlueJackets , Andrej Meszaros 5 (Drew Shore) at 7:20 (PP)
2. Panthers , Nino Niederreiter 11 (Ryan Johansen, Brad Boyes) at 12:56 (PP)
3. Panthers , Nino Niederreiter 12 (Ryan Johansen) at 14:54 (PP)

Penalties :
Robert Bortuzzo (Fla) for Holding (Minor) at 5:23, Robert Bortuzzo (Fla) for Hooking (Minor) at 7:57, Chris Thorburn (Clb) for Goalie Interference (Minor) at 10:58, Nick Shore (Clb) for Interference (Minor) at 14:32, Carlo Colaiacovo (Fla) for Hooking (Minor) at 15:53, Robert Bortuzzo (Fla) for Hooking (Minor) at 19:19

2nd period

4. Panthers , Sean Bergenheim 2 (Brad Boyes, Simon Despres) at 5:46 (SH)
5. Panthers , Ryan Johansen 10 (Kevin Hayes) at 15:16 (PP)
6. Panthers , Paul Byron 7 (Brad Boyes, Charlie Coyle) at 16:34 (PP)
7. Panthers , Jesper Fast 2 (Paul Byron, Kevin Hayes) at 18:26

Penalties :
Robert Bortuzzo (Fla) for Interference (Minor) at 4:06, Robert Bortuzzo (Fla) for Roughing (Minor) at 9:38, Magnus Paajarvi (Clb) for Boarding (Minor) at 14:39, Patrick Wiercioch (Clb) for Holding (Minor) at 15:14, Simon Despres (Fla) for Roughing (Minor) at 19:30

3rd period

8. Panthers , Sean Bergenheim 3 (Adam Larsson, Ryan Johansen) at 2:39
9. Panthers , Ryan Johansen 11 (Nino Niederreiter, Kevin Hayes) at 3:16 (PP)
10. Panthers , Nino Niederreiter 13 (Ryan Johansen, Kevin Hayes) at 4:26 (PP)

Penalties :
Teddy Purcell (Clb) for Hooking (Minor) at 2:48, Victor Rask (Clb) for Interference (Minor) at 4:21, Andrej Meszaros (Clb) for Hooking (Minor) at 6:00, Seth Helgeson (Clb) for Slashing (Double Minor) at 8:36, Derek Dorsett (Clb) for Roughing (Minor) at 14:22, Chris Thorburn (Clb) for Cross-checking (Minor) at 16:46

Goalie Stats

Joni Ortio (Clb), 19 saves from 24 shots - (0.792), L, 1-10-0, 52:00 minutes
Matt Climie (Clb), 1 saves from 5 shots - (0.200), 8:00 minutes
Kevin Poulin (Fla), 22 saves from 23 shots - (0.957), W, 4-23-0, 60:00 minutes

Players Stats for BlueJackets

Player Name              G  A  P  +/- PIM S  H  SB GA TA FO     MP     PP MP  PK MP  
------------------------------------------------------------------------------------
Andrej Meszaros          1  0  1  -1  2   2  2  0  0  2  0/0    27:28   7:52   9:33 
Brian Dumoulin           0  0  0  -1  0   0  3  0  0  1  0/0    15:45   5:59   0:00 
Chad Ruhwedel            0  0  0  -1  0   0  0  0  0  1  0/0    15:01   0:00   5:53 
Chris Thorburn           0  0  0  -1  4   0  5  0  0  0  1/1    18:49   6:18   1:43 
Derek Dorsett            0  0  0  -1  2   2  1  0  0  0  0/0    10:09   0:00   1:48 
Drew Shore               0  1  1  -1  0   4  0  0  5  0  3/9    14:34   6:18   0:00 
Kevin Connauton          0  0  0   0  0   0  0  1  0  2  0/0     3:11   0:00   3:03 
Magnus Paajarvi          0  0  0   0  2   0  0  0  1  1  2/2     4:47   0:00   0:00 
Matt Nieto               0  0  0  -1  0   2  3  0  3  0  0/2    19:25   7:33   4:00 
Nick Shore               0  0  0   0  2   0  0  0  0  1  0/0     7:25   0:00   1:56 
Patrick Wiercioch        0  0  0  -1  2   1  1  1  0  2  0/0    27:29   7:52   9:25 
Raphael Diaz             0  0  0  -1  0   0  0  0  0  1  0/0    11:02   0:00   0:00 
Ryan Garbutt             0  0  0  -1  0   3  1  0  2  1  0/1    16:26   6:18   0:00 
Ryane Clowe              0  0  0  -1  0   1  1  0  1  1  4/13   17:04   0:00   8:48 
Sam Gagner               0  0  0  -1  0   3  0  0  3  0  9/23   23:50   7:33   3:58 
Seth Helgeson            0  0  0  -1  4   3  1  3  0  0  0/0    20:29   5:59   1:33 
Teddy Purcell            0  0  0  -1  2   2  1  0  0  2  0/0    22:32   7:33   7:13 
Victor Rask              0  0  0  -1  2   0  1  1  0  1  2/4     9:38   0:00   0:00 

Players Stats for Panthers

Player Name              G  A  P  +/- PIM S  H  SB GA TA FO     MP     PP MP  PK MP  
------------------------------------------------------------------------------------
Adam Larsson             0  1  1   2  0   1  0  1  0  0  0/0    20:26   0:00   7:39 
Alex Galchenyuk          0  0  0   0  0   1  1  0  1  0  0/0     9:45   1:41   0:00 
Brad Boyes               0  3  3   1  0   3  0  0  4  0  0/3    14:55   7:03   0:22 
Calle Jarnkrok           0  0  0   0  0   2  0  0  0  0  0/0     7:27   0:00   0:00 
Calvin de Haan           0  0  0   0  0   0  0  0  0  1  0/0     7:11   0:00   0:00 
Carlo Colaiacovo         0  0  0   1  2   3  2  0  1  0  0/0    21:54   5:57   3:36 
Charlie Coyle            0  1  1   0  0   1  0  0  2  1  7/10   20:33   6:38   4:26 
Jesper Fast              1  0  1   1  0   1  1  0  0  0  0/0     5:51   0:00   0:00 
Kevin Hayes              0  4  4   1  0   1  3  0  2  1  14/23  23:15   6:25   9:03 
Lubomir Visnovsky        0  0  0   0  0   0  0  0  0  0  0/0     0:00   0:00   0:00 
Nino Niederreiter        3  1  4   0  0   3  2  1  1  1  0/2    21:06   7:12   4:26 
Paul Byron               1  1  2   1  0   2  1  1  0  0  1/1    22:49   6:21   9:11 
Robert Bortuzzo          0  0  0   0  10  0  2  0  0  0  0/0    19:18   8:47   1:02 
Ron Hainsey              0  0  0   2  0   1  2  4  0  5  0/0    32:07   8:47  10:15 
Ryan Johansen            2  4  6   1  0   5  0  0  7  0  8/11   20:17   6:28   0:00 
Sean Bergenheim          2  0  2   2  0   4  2  1  1  0  1/1    10:08   2:24   0:14 
Simon Despres            0  1  1   1  2   1  1  0  0  1  0/0    22:21   5:57   5:10 
Vladislav Namestnikov    0  0  0   1  0   0  0  0  0  0  3/4     6:39   0:00   0:00 

3 Stars

1 - Ryan Johansen (Fla)
2 - Nino Niederreiter (Fla)
3 - Sean Bergenheim (Fla)

Power Play

BlueJackets - 1 on 7 Attempt(s) - 14.29%
Panthers - 6 on 11 Attempt(s) - 54.55%

Penalty Kill

BlueJackets - 5 on 11 Attempt(s) - 45.45% - Score 0 goal in Penalty Kill
Panthers - 6 on 7 Attempt(s) - 85.71% - Score 1 goal in Penalty Kill

Team Stat

BlueJackets - Hits : 20 - Faceoff Wins : 21 - Blocked Shots : 6 - Penalty Minutes : 22
Panthers - Hits : 17 - Faceoff Wins : 34 - Blocked Shots : 8 - Penalty Minutes : 14

Official

Referees : Unknown
Linesman : Unknown

Game Notes

Matt Climie enters game at 15:16 of 2nd period
Joni Ortio enters game at 3:16 of 3rd period
Nino Niederreiter has scored a Hat Trick!

Finance

Level 1 -- Attendance: 5304 (88.40%) -- Ticket Income $450,840
Level 2 -- Attendance: 5000 (100.00%) -- Ticket Income $250,000
Level 3 -- Attendance: 1964 (98.20%) -- Ticket Income $58,920
Level 4 -- Attendance: 4000 (100.00%) -- Ticket Income $68,000
Luxury Box -- Attendance: 1000 (100.00%) -- Ticket Income $175,000
Game was played at the BankAtlantic Center.
Total Attendance: 17268 (95.93%)
Total Ticket Income: $1,002,760
Other Income: $491,352
Total Income: $1,494,112

BlueJackets

5 vs 5 Forward 
   Center                   Left Wing                Right Wing               Time % Phy DF OF 
 1 Sam Gagner               Teddy Purcell            Matt Nieto               35     1   2  2  
 2 Victor Rask              Ryan Garbutt             Chris Thorburn           30     1   2  2  
 3 Drew Shore               Ryane Clowe              Derek Dorsett            22     1   2  2  
 4 Magnus Paajarvi          Nick Shore               Sam Gagner               13     1   2  2  

5 vs 5 Defense 
   Defense                  Defense                                           Time % Phy DF OF 
 1 Andrej Meszaros          Patrick Wiercioch                                 35     1   2  2  
 2 Raphael Diaz             Seth Helgeson                                     30     1   2  2  
 3 Brian Dumoulin           Chad Ruhwedel                                     22     1   2  2  
 4 Andrej Meszaros          Patrick Wiercioch                                 13     1   2  2  

PowerPlay Forward 
   Center                   Left Wing                Right Wing               Time % Phy DF OF 
 1 Sam Gagner               Teddy Purcell            Matt Nieto               60     1   2  2  
 2 Drew Shore               Ryan Garbutt             Chris Thorburn           40     1   2  2  

PowerPlay Defense
   Defense                  Defense                                           Time % Phy DF OF 
 1 Andrej Meszaros          Patrick Wiercioch                                 60     1   2  2  
 2 Brian Dumoulin           Seth Helgeson                                     40     1   2  2  

Penalty Kill 4 Players Forward 
   Center                   Wing                     Time % Phy DF OF 
 1 Ryane Clowe              Teddy Purcell            60     1   2  2  
 2 Sam Gagner               Matt Nieto               40     1   2  2  

Penalty Kill 4 Players Defense
   Defense                  Defense                  Time % Phy DF OF 
 1 Andrej Meszaros          Patrick Wiercioch        60     1   2  2  
 2 Chad Ruhwedel            Seth Helgeson            40     1   2  2  

Penalty Kill - 3 Players Forward 
   Forward                                           Time % Phy DF OF 
 1 Matt Nieto                                        60     1   2  2  
 2 Teddy Purcell                                     40     1   2  2  

Penalty Kill - 3 Players Defense
   Defense                  Defense                  Time % Phy DF OF 
 1 Chad Ruhwedel            Patrick Wiercioch        60     1   2  2  
 2 Andrej Meszaros          Seth Helgeson            40     1   2  2  

4 vs 4 Forward 
   Center                   Wing                     Time % Phy DF OF 
 1 Ryan Garbutt             Teddy Purcell            60     1   2  2  
 2 Ryane Clowe              Matt Nieto               40     1   2  2  

4 vs 4 Defense
   Defense                  Defense                  Time % Phy DF OF 
 1 Brian Dumoulin           Patrick Wiercioch        60     1   2  2  
 2 Andrej Meszaros          Seth Helgeson            40     1   2  2  

Last Minutes Offensive
   Center                   Left Wing                Right Wing               Defense                  Defense                  
   Sam Gagner               Teddy Purcell            Matt Nieto               Andrej Meszaros          Patrick Wiercioch        

Last Minutes Defensive
   Center                   Left Wing                Right Wing               Defense                  Defense                  
   Sam Gagner               Teddy Purcell            Matt Nieto               Andrej Meszaros          Patrick Wiercioch        

Goaltenders
Starting : Joni Ortio               
Backup : Matt Climie              

Extra Forwards
Normal : Ryane Clowe, Drew Shore, Teddy Purcell - PP : Ryane Clowe, Drew Shore - PK : Teddy Purcell
Extra Defensemen
Normal : Brian Dumoulin, Chad Ruhwedel, Patrick Wiercioch - PP : Brian Dumoulin - PK : Chad Ruhwedel, Patrick Wiercioch
Penalty Shots
Chris Thorburn, Teddy Purcell, Drew Shore, Matt Nieto, Ryan Garbutt

Panthers

5 vs 5 Forward 
   Center                   Left Wing                Right Wing               Time % Phy DF OF 
 1 Ryan Johansen            Alex Galchenyuk          Nino Niederreiter        35     1   2  2  
 2 Charlie Coyle            Calle Jarnkrok           Brad Boyes               30     1   2  2  
 3 Kevin Hayes              Paul Byron               Jesper Fast              22     1   2  2  
 4 Vladislav Namestnikov    Sean Bergenheim          Ryan Johansen            13     1   2  2  

5 vs 5 Defense 
   Defense                  Defense                                           Time % Phy DF OF 
 1 Simon Despres            Ron Hainsey                                       35     1   2  2  
 2 Carlo Colaiacovo         Adam Larsson                                      30     1   2  2  
 3 Calvin de Haan           Robert Bortuzzo                                   22     1   2  2  
 4 Simon Despres            Ron Hainsey                                       13     1   2  2  

PowerPlay Forward 
   Center                   Left Wing                Right Wing               Time % Phy DF OF 
 1 Kevin Hayes              Ryan Johansen            Nino Niederreiter        60     1   2  2  
 2 Charlie Coyle            Paul Byron               Brad Boyes               40     1   2  2  

PowerPlay Defense
   Defense                  Defense                                           Time % Phy DF OF 
 1 Robert Bortuzzo          Ron Hainsey                                       60     1   2  2  
 2 Simon Despres            Carlo Colaiacovo                                  40     1   2  2  

Penalty Kill 4 Players Forward 
   Center                   Wing                     Time % Phy DF OF 
 1 Kevin Hayes              Paul Byron               60     1   2  2  
 2 Nino Niederreiter        Charlie Coyle            40     1   2  2  

Penalty Kill 4 Players Defense
   Defense                  Defense                  Time % Phy DF OF 
 1 Adam Larsson             Ron Hainsey              60     1   2  2  
 2 Simon Despres            Robert Bortuzzo          40     1   2  2  

Penalty Kill - 3 Players Forward 
   Forward                                           Time % Phy DF OF 
 1 Nino Niederreiter                                 60     1   2  2  
 2 Charlie Coyle                                     40     1   2  2  

Penalty Kill - 3 Players Defense
   Defense                  Defense                  Time % Phy DF OF 
 1 Calvin de Haan           Ron Hainsey              60     1   2  2  
 2 Simon Despres            Robert Bortuzzo          40     1   2  2  

4 vs 4 Forward 
   Center                   Wing                     Time % Phy DF OF 
 1 Paul Byron               Kevin Hayes              60     1   2  2  
 2 Nino Niederreiter        Charlie Coyle            40     1   2  2  

4 vs 4 Defense
   Defense                  Defense                  Time % Phy DF OF 
 1 Robert Bortuzzo          Ron Hainsey              60     1   2  2  
 2 Simon Despres            Adam Larsson             40     1   2  2  

Last Minutes Offensive
   Center                   Left Wing                Right Wing               Defense                  Defense                  
   Ryan Johansen            Alex Galchenyuk          Nino Niederreiter        Simon Despres            Ron Hainsey              

Last Minutes Defensive
   Center                   Left Wing                Right Wing               Defense                  Defense                  
   Ryan Johansen            Alex Galchenyuk          Nino Niederreiter        Simon Despres            Ron Hainsey              

Goaltenders
Starting : Kevin Poulin             
Backup : Robin Lehner             

Extra Forwards
Normal : Nino Niederreiter, Kevin Hayes, Paul Byron - PP : Nino Niederreiter, Kevin Hayes - PK : Paul Byron
Extra Defensemen
Normal : Simon Despres, Robert Bortuzzo, Ron Hainsey - PP : Ron Hainsey - PK : Robert Bortuzzo, Ron Hainsey
Penalty Shots
Kevin Hayes, Paul Byron, Nino Niederreiter, Charlie Coyle, Ryan Johansen

% Time on Ice - BlueJackets

Lines # - Real PCT - Wanted PCT - Time Play
Normal Forward
1 - 27% - 35% - 8:29
2 - 33% - 30% - 10:28
3 - 24% - 22% - 7:40
4 - 15% - 13% - 4:48
Normal Defense
1 - 28% - 35% - 8:56
2 - 41% - 30% - 12:58
3 - 27% - 22% - 8:23
4 - 4% - 13% - 1:08
PP Forward
1 - 55% - 60% - 7:33
2 - 45% - 40% - 6:18
PP Defense
1 - 57% - 60% - 7:52
2 - 43% - 40% - 5:59
PK Forward
1 - 73% - 60% - 10:44
2 - 27% - 40% - 3:58
PK Defense
1 - 62% - 60% - 9:10
2 - 38% - 40% - 5:32
PK3 Forward
1 - 100% - 60% - 0:02
2 - 0% - 40% - 0:00
PK3 Defense
1 - 100% - 60% - 0:02
2 - 0% - 40% - 0:00
44 Forward
1 - 0% - 60%
2 - 0% - 40%
44 Defense
1 - 0% - 60%
2 - 0% - 40%
Last Minute Offensive  - 0:00
Last Minute Defensive  - 0:00
Total
Forward - 60:00
Defense - 60:00

% Time on Ice - Panthers

Lines # - Real PCT - Wanted PCT - Time Play
Normal Forward
1 - 29% - 35% - 9:12
2 - 31% - 30% - 9:46
3 - 19% - 22% - 5:51
4 - 21% - 13% - 6:36
Normal Defense
1 - 33% - 35% - 10:21
2 - 41% - 30% - 12:51
3 - 23% - 22% - 7:11
4 - 3% - 13% - 1:02
PP Forward
1 - 57% - 60% - 8:23
2 - 43% - 40% - 6:21
PP Defense
1 - 60% - 60% - 8:47
2 - 40% - 40% - 5:57
PK Forward
1 - 68% - 60% - 9:25
2 - 32% - 40% - 4:26
PK Defense
1 - 55% - 60% - 7:39
2 - 45% - 40% - 6:12
PK3 Forward
1 - 0% - 60%
2 - 0% - 40%
PK3 Defense
1 - 0% - 60%
2 - 0% - 40%
44 Forward
1 - 0% - 60%
2 - 0% - 40%
44 Defense
1 - 0% - 60%
2 - 0% - 40%
Last Minute Offensive  - 0:00
Last Minute Defensive  - 0:00
Total
Forward - 60:00
Defense - 60:00

Play by Play

1st period


0:01 of 1st period - Ryan Johansen wins face-off versus Sam Gagner in neutral zone.
0:04 of 1st period - Snap shot by Ryan Johansen.
0:04 of 1st period - Stopped by Joni Ortio without a rebound.
0:05 of 1st period - Ryan Johansen wins face-off versus Sam Gagner in BlueJackets zone.
0:11 of 1st period - Off-side.
0:12 of 1st period - Ryan Johansen wins face-off versus Sam Gagner in neutral zone.
1:20 of 1st period - Wrist shot by Ryan Garbutt.
1:20 of 1st period - Shot Blocked by Nino Niederreiter.
1:45 of 1st period - Icing by Nino Niederreiter.
1:46 of 1st period - Drew Shore wins face-off versus Ryan Johansen in Panthers zone.
1:51 of 1st period - Snap shot by Derek Dorsett.
1:51 of 1st period - Stopped by Kevin Poulin without a rebound.
1:52 of 1st period - Drew Shore wins face-off versus Brad Boyes in Panthers zone.
2:17 of 1st period - Slapshot by Drew Shore.
2:17 of 1st period - Shot Misses the Net.
2:19 of 1st period - Snap shot by Ryane Clowe.
2:19 of 1st period - Shot Misses the Net.
2:25 of 1st period - Snap shot by Drew Shore.
2:25 of 1st period - Stopped by Kevin Poulin without a rebound.
2:26 of 1st period - Kevin Hayes wins face-off versus Sam Gagner in Panthers zone.
2:47 of 1st period - Wrist shot by Sam Gagner.
2:47 of 1st period - Stopped by Kevin Poulin with a rebound.
2:49 of 1st period - Slapshot by Andrej Meszaros.
2:49 of 1st period - Stopped by Kevin Poulin with a rebound.
2:51 of 1st period - Slapshot by Andrej Meszaros.
2:51 of 1st period - Shot Misses the Net.
3:17 of 1st period - Backhand shot by Charlie Coyle.
3:17 of 1st period - Shot Misses the Net.
3:19 of 1st period - Snap shot by Charlie Coyle.
3:19 of 1st period - Shot Blocked by Victor Rask.
3:21 of 1st period - Wrist shot by Calle Jarnkrok.
3:21 of 1st period - Stopped by Joni Ortio with a rebound.
3:33 of 1st period - Charlie Coyle is hit by Chris Thorburn.
4:03 of 1st period - Wrist shot by Ryan Johansen.
4:03 of 1st period - Shot Misses the Net.
4:53 of 1st period - Snap shot by Teddy Purcell.
4:53 of 1st period - Stopped by Kevin Poulin with a rebound.
4:55 of 1st period - Slapshot by Brian Dumoulin.
4:55 of 1st period - Shot Blocked by Ron Hainsey.
5:23 of 1st period - Minor Penalty to Robert Bortuzzo for Holding.
5:24 of 1st period - Sam Gagner wins face-off versus Kevin Hayes in Panthers zone.
5:31 of 1st period - Slapshot by Matt Nieto.
5:31 of 1st period - Stopped by Kevin Poulin without a rebound.
5:32 of 1st period - Sam Gagner wins face-off versus Kevin Hayes in Panthers zone.
6:08 of 1st period - Drew Shore is hit by Kevin Hayes and loses puck.
6:40 of 1st period - Seth Helgeson is hit by Ron Hainsey and loses puck.
7:20 of 1st period - Slapshot by Andrej Meszaros.
7:20 of 1st period - Goal by Andrej Meszaros - BlueJackets : 1 - Panthers : 0.
7:21 of 1st period - Charlie Coyle wins face-off versus Drew Shore in neutral zone.
7:57 of 1st period - Minor Penalty to Robert Bortuzzo for Hooking.
7:58 of 1st period - Sam Gagner wins face-off versus Kevin Hayes in Panthers zone.
8:17 of 1st period - Paul Byron is hit by Matt Nieto and loses puck.
9:22 of 1st period - Simon Despres is hit by Andrej Meszaros and loses puck.
9:44 of 1st period - Nino Niederreiter is hit by Chris Thorburn and loses puck.
9:57 of 1st period - Penalty to Robert Bortuzzo is over, Robert Bortuzzo is back on ice.
10:25 of 1st period - Snap shot by Sean Bergenheim.
10:25 of 1st period - Stopped by Joni Ortio with a rebound.
10:27 of 1st period - Slapshot by Robert Bortuzzo.
10:27 of 1st period - Shot Blocked by Seth Helgeson.
10:29 of 1st period - Slapshot by Robert Bortuzzo.
10:29 of 1st period - Shot Blocked by Seth Helgeson.
10:58 of 1st period - Minor Penalty to Chris Thorburn for Goalie Interference.
10:59 of 1st period - Kevin Hayes wins face-off versus Ryane Clowe in BlueJackets zone.
12:17 of 1st period - Charlie Coyle is hit by Derek Dorsett and loses puck.
12:26 of 1st period - Brad Boyes is hit by Andrej Meszaros and loses puck.
12:33 of 1st period - Derek Dorsett is hit by Carlo Colaiacovo and loses puck.
12:56 of 1st period - Snap shot by Nino Niederreiter.
12:56 of 1st period - Goal by Nino Niederreiter - BlueJackets : 1 - Panthers : 1.
12:57 of 1st period - Vladislav Namestnikov wins face-off versus Victor Rask in neutral zone.
13:07 of 1st period - Off-side.
13:08 of 1st period - Ryan Johansen wins face-off versus Ryan Garbutt in neutral zone.
13:13 of 1st period - Snap shot by Sean Bergenheim.
13:13 of 1st period - Stopped by Joni Ortio with a rebound.
13:15 of 1st period - Slapshot by Adam Larsson.
13:15 of 1st period - Stopped by Joni Ortio with a rebound.
13:17 of 1st period - Snap shot by Carlo Colaiacovo.
13:17 of 1st period - Stopped by Joni Ortio with a rebound.
13:19 of 1st period - Slapshot by Carlo Colaiacovo.
13:19 of 1st period - Stopped by Joni Ortio with a rebound.
13:59 of 1st period - Slapshot by Sam Gagner.
13:59 of 1st period - Stopped by Kevin Poulin with a rebound.
14:32 of 1st period - Minor Penalty to Nick Shore for Interference.
14:33 of 1st period - Kevin Hayes wins face-off versus Ryane Clowe in BlueJackets zone.
14:38 of 1st period - Wrist shot by Nino Niederreiter.
14:38 of 1st period - Deflect By Ryan Johansen.
14:38 of 1st period - Shot Misses the Net.
14:38 of 1st period - Puck is out of play.
14:39 of 1st period - Ryane Clowe wins face-off versus Kevin Hayes in BlueJackets zone.
14:54 of 1st period - Wrist shot by Nino Niederreiter.
14:54 of 1st period - Goal by Nino Niederreiter - BlueJackets : 1 - Panthers : 2.
14:55 of 1st period - Victor Rask wins face-off versus Charlie Coyle in neutral zone.
15:18 of 1st period - Slapshot by Brad Boyes.
15:18 of 1st period - Stopped by Joni Ortio without a rebound.
15:19 of 1st period - Sam Gagner wins face-off versus Ryan Johansen in BlueJackets zone.
15:26 of 1st period - Backhand shot by Matt Nieto.
15:26 of 1st period - Shot Blocked by Adam Larsson.
15:53 of 1st period - Minor Penalty to Carlo Colaiacovo for Hooking.
15:54 of 1st period - Kevin Hayes wins face-off versus Drew Shore in Panthers zone.
16:57 of 1st period - Ron Hainsey is hit by Matt Nieto and loses puck.
17:36 of 1st period - Charlie Coyle is hit by Seth Helgeson and loses puck.
17:53 of 1st period - Penalty to Carlo Colaiacovo is over, Carlo Colaiacovo is back on ice.
18:03 of 1st period - Kevin Hayes is hit by Patrick Wiercioch and loses puck.
18:22 of 1st period - Wrist shot by Sam Gagner.
18:22 of 1st period - Shot Blocked by Ron Hainsey.
18:32 of 1st period - Wrist shot by Magnus Paajarvi.
18:32 of 1st period - Shot Misses the Net.
18:34 of 1st period - Slapshot by Brian Dumoulin.
18:34 of 1st period - Shot Blocked by Ron Hainsey.
18:52 of 1st period - Wrist shot by Ryane Clowe.
18:52 of 1st period - Deflect By Drew Shore.
18:52 of 1st period - Stopped by Kevin Poulin with a rebound.
18:54 of 1st period - Snap shot by Raphael Diaz.
18:54 of 1st period - Shot Misses the Net.
18:56 of 1st period - Wrist shot by Raphael Diaz.
18:56 of 1st period - Shot Misses the Net.
19:19 of 1st period - Minor Penalty to Robert Bortuzzo for Hooking.
19:20 of 1st period - Sam Gagner wins face-off versus Nino Niederreiter in Panthers zone.
19:37 of 1st period - Snap shot by Sam Gagner.
19:37 of 1st period - Deflect By Teddy Purcell.
19:37 of 1st period - Shot Misses the Net.
19:37 of 1st period - Puck is out of play.
19:38 of 1st period - Sam Gagner wins face-off versus Nino Niederreiter in Panthers zone.
19:58 of 1st period - Slapshot by Patrick Wiercioch.
19:58 of 1st period - Deflect By Drew Shore.
19:58 of 1st period - Stopped by Kevin Poulin with a rebound.
Goals for this period are 1 for BlueJackets vs 2 for Panthers.
Shots for this period are 10 for BlueJackets vs 10 for Panthers.

2nd period


0:01 of 2nd period - Sam Gagner wins face-off versus Kevin Hayes in neutral zone.
0:24 of 2nd period - Snap shot by Sam Gagner.
0:24 of 2nd period - Deflect By Adam Larsson.
0:24 of 2nd period - Shot Misses the Net.
0:24 of 2nd period - Puck is out of play.
0:25 of 2nd period - Kevin Hayes wins face-off versus Drew Shore in Panthers zone.
1:19 of 2nd period - Penalty to Robert Bortuzzo is over, Robert Bortuzzo is back on ice.
2:18 of 2nd period - Wrist shot by Ryan Garbutt.
2:18 of 2nd period - Stopped by Kevin Poulin without a rebound.
2:19 of 2nd period - Vladislav Namestnikov wins face-off versus Victor Rask in Panthers zone.
2:19 of 2nd period - Vladislav Namestnikov is hit by Brian Dumoulin.
2:45 of 2nd period - Snap shot by Ryan Johansen.
2:45 of 2nd period - Stopped by Joni Ortio with a rebound.
3:19 of 2nd period - Paul Byron is hit by Brian Dumoulin and loses puck.
3:31 of 2nd period - Icing by Robert Bortuzzo.
3:32 of 2nd period - Drew Shore wins face-off versus Kevin Hayes in Panthers zone.
3:48 of 2nd period - Slapshot by Drew Shore.
3:48 of 2nd period - Stopped by Kevin Poulin with a rebound.
3:50 of 2nd period - Slapshot by Raphael Diaz.
3:50 of 2nd period - Shot Misses the Net.
4:06 of 2nd period - Minor Penalty to Robert Bortuzzo for Interference.
4:07 of 2nd period - Paul Byron wins face-off versus Sam Gagner in Panthers zone.
4:36 of 2nd period - Kevin Hayes is hit by Matt Nieto and loses puck.
5:46 of 2nd period - Snap shot by Sean Bergenheim.
5:46 of 2nd period - Goal by Sean Bergenheim - BlueJackets : 1 - Panthers : 3.
5:47 of 2nd period - Kevin Hayes wins face-off versus Sam Gagner in neutral zone.
6:06 of 2nd period - Penalty to Robert Bortuzzo is over, Robert Bortuzzo is back on ice.
6:45 of 2nd period - Ryane Clowe is hit by Ron Hainsey and loses puck.
6:52 of 2nd period - Slapshot by Seth Helgeson.
6:52 of 2nd period - Stopped by Kevin Poulin with a rebound.
7:16 of 2nd period - Slapshot by Charlie Coyle.
7:16 of 2nd period - Shot Misses the Net.
7:28 of 2nd period - Slapshot by Calle Jarnkrok.
7:28 of 2nd period - Stopped by Joni Ortio without a rebound.
7:29 of 2nd period - Charlie Coyle wins face-off versus Sam Gagner in BlueJackets zone.
8:06 of 2nd period - Snap shot by Victor Rask.
8:06 of 2nd period - Shot Misses the Net.
8:08 of 2nd period - Slapshot by Seth Helgeson.
8:08 of 2nd period - Stopped by Kevin Poulin without a rebound.
8:09 of 2nd period - Chris Thorburn wins face-off versus Vladislav Namestnikov in Panthers zone.
8:38 of 2nd period - Snap shot by Sean Bergenheim.
8:38 of 2nd period - Shot Misses the Net.
8:40 of 2nd period - Slapshot by Carlo Colaiacovo.
8:40 of 2nd period - Stopped by Joni Ortio with a rebound.
9:15 of 2nd period - Off-side.
9:16 of 2nd period - Ryan Johansen wins face-off versus Sam Gagner in neutral zone.
9:38 of 2nd period - Minor Penalty to Robert Bortuzzo for Roughing.
9:39 of 2nd period - Kevin Hayes wins face-off versus Drew Shore in Panthers zone.
10:03 of 2nd period - Slapshot by Kevin Hayes.
10:03 of 2nd period - Stopped by Joni Ortio without a rebound.
10:04 of 2nd period - Sam Gagner wins face-off versus Kevin Hayes in BlueJackets zone.
10:30 of 2nd period - Wrist shot by Matt Nieto.
10:30 of 2nd period - Stopped by Kevin Poulin with a rebound.
11:30 of 2nd period - Carlo Colaiacovo is hit by Chris Thorburn and loses puck.
11:38 of 2nd period - Penalty to Robert Bortuzzo is over, Robert Bortuzzo is back on ice.
11:41 of 2nd period - Kevin Hayes is hit by Chris Thorburn and loses puck.
12:14 of 2nd period - Snap shot by Ryan Johansen.
12:14 of 2nd period - Shot Misses the Net.
12:16 of 2nd period - Wrist shot by Alex Galchenyuk.
12:16 of 2nd period - Stopped by Joni Ortio without a rebound.
12:17 of 2nd period - Magnus Paajarvi wins face-off versus Brad Boyes in BlueJackets zone.
12:32 of 2nd period - Wrist shot by Charlie Coyle.
12:32 of 2nd period - Deflect By Brad Boyes.
12:32 of 2nd period - Shot Hit the Post.
12:32 of 2nd period - Puck is out of play.
12:33 of 2nd period - Magnus Paajarvi wins face-off versus Charlie Coyle in BlueJackets zone.
14:02 of 2nd period - Ryane Clowe is hit by Sean Bergenheim and loses puck.
14:39 of 2nd period - Minor Penalty to Magnus Paajarvi for Boarding.
14:40 of 2nd period - Ryane Clowe wins face-off versus Charlie Coyle in BlueJackets zone.
14:40 of 2nd period - Ryane Clowe is hit by Robert Bortuzzo.
15:14 of 2nd period - Minor Penalty to Patrick Wiercioch for Holding.
15:15 of 2nd period - Kevin Hayes wins face-off versus Matt Nieto in BlueJackets zone.
15:16 of 2nd period - Wrist shot by Ryan Johansen.
15:16 of 2nd period - Goal by Ryan Johansen - BlueJackets : 1 - Panthers : 4.
15:16 of 2nd period - Matt Climie enters game.
15:17 of 2nd period - Ryan Johansen wins face-off versus Ryane Clowe in neutral zone.
15:20 of 2nd period - Ryane Clowe is hit by Robert Bortuzzo and loses puck.
16:17 of 2nd period - Andrej Meszaros is hit by Paul Byron and loses puck.
16:32 of 2nd period - Snap shot by Brad Boyes.
16:32 of 2nd period - Stopped by Matt Climie with a rebound.
16:34 of 2nd period - Wrist shot by Paul Byron.
16:34 of 2nd period - Goal by Paul Byron - BlueJackets : 1 - Panthers : 5.
16:35 of 2nd period - Victor Rask wins face-off versus Ryan Johansen in neutral zone.
16:38 of 2nd period - Snap shot by Seth Helgeson.
16:38 of 2nd period - Shot Misses the Net.
16:55 of 2nd period - Slapshot by Ryan Garbutt.
16:55 of 2nd period - Stopped by Kevin Poulin with a rebound.
17:33 of 2nd period - Slapshot by Sam Gagner.
17:33 of 2nd period - Shot Misses the Net.
18:26 of 2nd period - Wrist shot by Jesper Fast.
18:26 of 2nd period - Goal by Jesper Fast - BlueJackets : 1 - Panthers : 6.
18:27 of 2nd period - Ryan Johansen wins face-off versus Drew Shore in neutral zone.
19:30 of 2nd period - Minor Penalty to Simon Despres for Roughing.
19:31 of 2nd period - Sam Gagner wins face-off versus Kevin Hayes in Panthers zone.
Goals for this period are 0 for BlueJackets vs 4 for Panthers.
Shots for this period are 6 for BlueJackets vs 10 for Panthers.

3rd period


0:01 of 3rd period - Kevin Hayes wins face-off versus Matt Nieto in neutral zone.
0:13 of 3rd period - Slapshot by Andrej Meszaros.
0:13 of 3rd period - Shot Blocked by Paul Byron.
0:15 of 3rd period - Snap shot by Teddy Purcell.
0:15 of 3rd period - Stopped by Kevin Poulin with a rebound.
0:17 of 3rd period - Snap shot by Andrej Meszaros.
0:17 of 3rd period - Shot Blocked by Ron Hainsey.
0:19 of 3rd period - Wrist shot by Matt Nieto.
0:19 of 3rd period - Shot Misses the Net.
0:21 of 3rd period - Snap shot by Patrick Wiercioch.
0:21 of 3rd period - Stopped by Kevin Poulin with a rebound.
0:23 of 3rd period - Slapshot by Patrick Wiercioch.
0:23 of 3rd period - Shot Misses the Net.
0:25 of 3rd period - Wrist shot by Teddy Purcell.
0:25 of 3rd period - Shot Misses the Net.
0:27 of 3rd period - Wrist shot by Sam Gagner.
0:27 of 3rd period - Stopped by Kevin Poulin without a rebound.
0:28 of 3rd period - Kevin Hayes wins face-off versus Drew Shore in Panthers zone.
1:00 of 3rd period - Wrist shot by Ryan Garbutt.
1:00 of 3rd period - Stopped by Kevin Poulin with a rebound.
1:02 of 3rd period - Snap shot by Chris Thorburn.
1:02 of 3rd period - Shot Misses the Net.
1:04 of 3rd period - Slapshot by Seth Helgeson.
1:04 of 3rd period - Stopped by Kevin Poulin with a rebound.
1:24 of 3rd period - Ron Hainsey is hit by Brian Dumoulin and loses puck.
1:30 of 3rd period - Penalty to Simon Despres is over, Simon Despres is back on ice.
1:37 of 3rd period - Patrick Wiercioch is hit by Simon Despres and loses puck.
2:08 of 3rd period - Slapshot by Derek Dorsett.
2:08 of 3rd period - Stopped by Kevin Poulin with a rebound.
2:10 of 3rd period - Wrist shot by Drew Shore.
2:10 of 3rd period - Deflect By Ryane Clowe.
2:10 of 3rd period - Stopped by Kevin Poulin with a rebound.
2:22 of 3rd period - Raphael Diaz is hit by Nino Niederreiter and loses puck.
2:35 of 3rd period - Snap shot by Ryan Johansen.
2:35 of 3rd period - Shot Misses the Net.
2:37 of 3rd period - Snap shot by Ryan Johansen.
2:37 of 3rd period - Shot Misses the Net.
2:39 of 3rd period - Slapshot by Adam Larsson.
2:39 of 3rd period - Deflect By Sean Bergenheim.
2:39 of 3rd period - Goal by Sean Bergenheim - BlueJackets : 1 - Panthers : 7.
2:40 of 3rd period - Vladislav Namestnikov wins face-off versus Sam Gagner in neutral zone.
2:48 of 3rd period - Minor Penalty to Teddy Purcell for Hooking.
2:49 of 3rd period - Kevin Hayes wins face-off versus Ryane Clowe in BlueJackets zone.
3:16 of 3rd period - Wrist shot by Ryan Johansen.
3:16 of 3rd period - Goal by Ryan Johansen - BlueJackets : 1 - Panthers : 8.
3:16 of 3rd period - Joni Ortio enters game.
3:17 of 3rd period - Charlie Coyle wins face-off versus Sam Gagner in neutral zone.
3:44 of 3rd period - Calle Jarnkrok is hit by Teddy Purcell and loses puck.
4:09 of 3rd period - Chris Thorburn is hit by Jesper Fast and loses puck.
4:21 of 3rd period - Minor Penalty to Victor Rask for Interference.
4:22 of 3rd period - Kevin Hayes wins face-off versus Ryane Clowe in BlueJackets zone.
4:26 of 3rd period - Snap shot by Ryan Johansen.
4:26 of 3rd period - Deflect By Nino Niederreiter.
4:26 of 3rd period - Goal by Nino Niederreiter - BlueJackets : 1 - Panthers : 9.
4:27 of 3rd period - Ryan Johansen wins face-off versus Sam Gagner in neutral zone.
5:14 of 3rd period - Victor Rask is hit by Alex Galchenyuk and loses puck.
5:21 of 3rd period - Simon Despres is hit by Victor Rask and loses puck.
6:00 of 3rd period - Minor Penalty to Andrej Meszaros for Hooking.
6:01 of 3rd period - Ryane Clowe wins face-off versus Brad Boyes in BlueJackets zone.
6:35 of 3rd period - Wrist shot by Brad Boyes.
6:35 of 3rd period - Shot Misses the Net.
6:58 of 3rd period - Snap shot by Ryan Johansen.
6:58 of 3rd period - Stopped by Joni Ortio with a rebound.
7:39 of 3rd period - Sam Gagner is hit by Kevin Hayes and loses puck.
8:00 of 3rd period - Penalty to Andrej Meszaros is over, Andrej Meszaros is back on ice.
8:08 of 3rd period - Snap shot by Paul Byron.
8:08 of 3rd period - Shot Misses the Net.
8:36 of 3rd period - Double Minor Penalty to Seth Helgeson for Slashing.
8:37 of 3rd period - Ryane Clowe wins face-off versus Kevin Hayes in BlueJackets zone.
8:43 of 3rd period - Icing by Ryan Johansen.
8:44 of 3rd period - Kevin Hayes wins face-off versus Ryane Clowe in Panthers zone.
8:57 of 3rd period - Snap shot by Ryane Clowe.
8:57 of 3rd period - Shot Misses the Net.
9:17 of 3rd period - Slapshot by Brad Boyes.
9:17 of 3rd period - Shot Misses the Net.
9:19 of 3rd period - Slapshot by Simon Despres.
9:19 of 3rd period - Stopped by Joni Ortio with a rebound.
9:21 of 3rd period - Slapshot by Carlo Colaiacovo.
9:21 of 3rd period - Shot Blocked by Kevin Connauton.
9:23 of 3rd period - Wrist shot by Charlie Coyle.
9:23 of 3rd period - Shot Hit the Post.
11:46 of 3rd period - Icing by Ron Hainsey.
11:47 of 3rd period - Sean Bergenheim wins face-off versus Sam Gagner in Panthers zone.
11:58 of 3rd period - Matt Nieto is hit by Kevin Hayes and loses puck.
12:36 of 3rd period - Penalty to Seth Helgeson is over, Seth Helgeson is back on ice.
12:42 of 3rd period - Patrick Wiercioch is hit by Carlo Colaiacovo and loses puck.
13:09 of 3rd period - Raphael Diaz is hit by Sean Bergenheim and loses puck.
13:20 of 3rd period - Calvin de Haan is hit by Ryan Garbutt and loses puck.
13:30 of 3rd period - Off-side.
13:31 of 3rd period - Charlie Coyle wins face-off versus Sam Gagner in neutral zone.
14:22 of 3rd period - Minor Penalty to Derek Dorsett for Roughing.
14:23 of 3rd period - Charlie Coyle wins face-off versus Ryane Clowe in BlueJackets zone.
14:37 of 3rd period - Snap shot by Charlie Coyle.
14:37 of 3rd period - Deflect By Brad Boyes.
14:37 of 3rd period - Stopped by Joni Ortio without a rebound.
14:38 of 3rd period - Charlie Coyle wins face-off versus Ryane Clowe in BlueJackets zone.
14:39 of 3rd period - Snap shot by Paul Byron.
14:39 of 3rd period - Stopped by Joni Ortio with a rebound.
14:41 of 3rd period - Snap shot by Paul Byron.
14:41 of 3rd period - Deflect By Charlie Coyle.
14:41 of 3rd period - Stopped by Joni Ortio with a rebound.
16:22 of 3rd period - Penalty to Derek Dorsett is over, Derek Dorsett is back on ice.
16:38 of 3rd period - Snap shot by Sean Bergenheim.
16:38 of 3rd period - Shot Misses the Net.
16:40 of 3rd period - Slapshot by Adam Larsson.
16:40 of 3rd period - Shot Blocked by Seth Helgeson.
16:46 of 3rd period - Minor Penalty to Chris Thorburn for Cross-checking.
16:47 of 3rd period - Kevin Hayes wins face-off versus Ryane Clowe in BlueJackets zone.
17:24 of 3rd period - Snap shot by Brad Boyes.
17:24 of 3rd period - Shot Blocked by Patrick Wiercioch.
17:26 of 3rd period - Wrist shot by Ron Hainsey.
17:26 of 3rd period - Stopped by Joni Ortio without a rebound.
17:27 of 3rd period - Charlie Coyle wins face-off versus Sam Gagner in BlueJackets zone.
17:38 of 3rd period - Patrick Wiercioch is hit by Nino Niederreiter and loses puck.
18:01 of 3rd period - Simon Despres is hit by Ryane Clowe and loses puck.
18:46 of 3rd period - Penalty to Chris Thorburn is over, Chris Thorburn is back on ice.
19:09 of 3rd period - Calle Jarnkrok is hit by Chris Thorburn and loses puck.
19:50 of 3rd period - Slapshot by Ryan Garbutt.
19:50 of 3rd period - Shot Blocked by Sean Bergenheim.
Goals for this period are 0 for BlueJackets vs 3 for Panthers.
Shots for this period are 7 for BlueJackets vs 9 for Panthers.